Map: Inside and Out

Players

GungFuBanDa - Winner!

  • Race: Protoss Protoss
  • Spawn Location: 1:00

Nice

  • Race: Protoss Protoss
  • Spawn Location: 7:00

Event: DreamHack SC2 Masters 2022 Atlanta (Offline)

VOD

Have the link to the VOD?

Description

Time

  • Played on: Nov. 18, 2022, 3:48 p.m.
  • Length: 17:23

All games in this series

Show
View Real Time Build Order
Export as new Build Order

GungFuBanDa Protoss - Winner!

Build Orders: Zealot Archon 

Get SALT Encoding   

  12  0:00  Probe  
  13  0:12  Probe  
  14  0:19  Pylon  
  14  0:24  Probe (Chrono Boost)  
  15  0:37  Gateway, Probe (Chrono Boost)  
  16  0:45  Probe (Chrono Boost)  
  16  0:46  Assimilator  
  17  0:51  Probe (Chrono Boost)  
  18  0:58  Assimilator  
  18  1:04  Probe (Chrono Boost)  
  19  1:08  Gateway  
  19  1:13  Probe (Chrono Boost)  
  19  1:18  Probe  
  20  1:25  Cybernetics Core  
  21  1:30  Probe  
  22  1:34  Pylon  
  22  1:42  Probe  
  23  1:52  Pylon  
  23  1:55  Probe  
  24  2:01  Stalker  
  24  2:02  Warp Gate  
  24  2:07  Stalker  
  28  2:10  Probe  
  29  2:22  Probe  
  30  2:25  Pylon  
  29  2:44  Nexus  
  29  2:46  Sentry  
  29  2:49  Probe  
  32  2:53  Sentry  
  34  3:00  Pylon  
  34  3:01  Probe (Chrono Boost)  
  35  3:12  Probe (Chrono Boost)  
  36  3:16  Twilight Council  
  36  3:18  Shield Battery  
  36  3:21  Probe (Chrono Boost)  
  38  3:34  Probe (Chrono Boost)  
  38  3:39  Probe (Chrono Boost)  
  39  3:50  Probe  
  39  3:51  Stalker x2  
  39  3:54  Shield Battery  
  44  4:01  Dark Shrine  
  42  4:16  Stalker  
  41  4:17  Stalker  
  37  4:25  Shield Battery  
  36  4:35  Probe  
  36  4:37  Stalker  
  38  4:59  Probe  
  38  5:00  Probe  
  38  5:04  Robotics Facility  
  39  5:11  Probe  
  39  5:12  Dark Templar  
  39  5:13  Dark Templar  
  40  5:15  Probe  
  41  5:24  Pylon  
  25  5:45  Stalker x2  
  25  5:48  Probe (Chrono Boost)  
  29  5:53  Probe (Chrono Boost)  
  27  5:58  Probe (Chrono Boost)  
  27  6:01  Probe (Chrono Boost)  
  28  6:06  Probe (Chrono Boost)  
  28  6:07  Probe (Chrono Boost)  
  28  6:09  Pylon  
  30  6:16  Probe (Chrono Boost)  
  32  6:22  Probe (Chrono Boost)  
  33  6:27  Probe (Chrono Boost)  
  33  6:30  Immortal (Chrono Boost)  
  33  6:32  Probe x2 (Chrono Boost)  
  39  6:42  Probe  
  39  6:45  Archon  
  39  6:46  Probe  
  41  6:54  Probe  
  41  6:58  Probe  
  43  7:02  Immortal  
  43  7:06  Probe (Chrono Boost)  
  48  7:13  Stalker  
  50  7:16  Probe (Chrono Boost)  
  50  7:18  Probe (Chrono Boost)  
  49  7:23  Probe (Chrono Boost)  
  49  7:24  Probe (Chrono Boost)  
  50  7:30  Sentry  
  50  7:34  Probe (Chrono Boost)  
  54  7:38  Probe (Chrono Boost)  
  54  7:42  Forge  
  56  7:44  Observer, Probe (Chrono Boost)  
  56  7:47  Probe (Chrono Boost), Assimilator  
  56  7:49  Probe (Chrono Boost), Assimilator  
  58  7:56  Pylon  
  58  7:57  Charge (Chrono Boost), Probe  
  59  8:01  Probe  
  60  8:10  Probe  
  60  8:11  Protoss Ground Weapons Level 1 (Chrono Boost)  
  61  8:13  Probe  
  61  8:19  Gateway  
  62  8:20  Gateway  
  62  8:22  Probe  
  62  8:25  Probe  
  64  8:36  Stalker  
  64  8:39  Probe  
  64  8:40  Probe  
  68  8:48  Pylon  
  68  8:50  Gateway  
  68  9:00  Gateway  
  68  9:01  Templar Archives  
  67  9:13  Probe  
  68  9:20  Zealot x2  
  70  9:28  Probe  
  71  9:32  Photon Cannon  
  69  9:39  Probe  
  69  9:40  Zealot x2  
  73  9:47  Probe  
  74  9:53  Pylon  
  74  10:00  Nexus  
  74  10:04  Pylon  
  74  10:05  Observer  
  74  10:06  Protoss Ground Weapons Level 2 (Chrono Boost)  
  75  10:14  Dark Templar  
  75  10:19  Probe (Chrono Boost)  
  75  10:20  Probe (Chrono Boost)  
  79  10:31  Probe (Chrono Boost)  
  79  10:34  Probe (Chrono Boost), High Templar x2  
  85  10:36  Probe (Chrono Boost)  
  85  10:38  Archon  
  85  10:39  Zealot, High Templar x2  
  85  10:42  Probe  
  93  10:43  Pylon  
  93  10:45  Probe  
  93  10:49  Archon  
  94  10:50  Pylon  
  94  10:58  Photon Cannon  
  94  11:01  Probe x2  
  94  11:03  Pylon  
  96  11:05  Blink (Chrono Boost)  
  96  11:13  Probe  
  97  11:20  Probe x2  
  97  11:23  High Templar  
  97  11:24  Zealot x2, High Templar  
  107  11:27  Zealot  
  107  11:28  Archon  
  107  11:32  Photon Cannon  
  109  11:36  Zealot  
  109  11:39  Probe x2  
  113  11:47  Probe  
  113  11:49  Assimilator  
  113  11:51  Probe  
  113  11:52  Robotics Bay  
  115  11:57  Shield Battery  
  115  12:00  Pylon  
  115  12:02  Zealot x3, High Templar x2  
  115  12:07  Assimilator  
  125  12:11  Gateway  
  125  12:12  Gateway  
  125  12:13  Archon  
  125  12:27  Shield Battery  
  125  12:31  Protoss Ground Weapons Level 3 (Chrono Boost)  
  125  12:33  Stalker x4  
  125  12:35  Disruptor (Chrono Boost)  
  133  12:38  Pylon  
  133  12:42  Pylon  
  136  12:46  Probe x2  
  136  12:48  Probe  
  139  13:03  Stalker x3  
  139  13:04  Disruptor (Chrono Boost)  
  146  13:05  Shield Battery  
  146  13:07  Pylon  
  144  13:15  Nexus  
  144  13:20  Pylon  
  144  13:29  Probe  
  144  13:33  Disruptor (Chrono Boost)  
  146  13:34  Probe x2  
  150  13:41  Probe  
  150  13:46  Probe x2  
  150  13:48  Stalker x5  
  157  14:01  Disruptor  
  146  14:13  Stalker x4  
  146  14:14  Probe, Stalker x2  
  159  14:18  Photon Cannon  
  159  14:30  Probe  
  159  14:31  Disruptor (Chrono Boost)  
  163  14:44  Probe x2  
  163  14:45  Shield Battery, Probe  
  163  14:47  Pylon  
  163  14:48  Probe  
  165  14:56  Probe x2, High Templar  
  165  14:57  High Templar x3  
  165  14:58  Zealot x4  
  183  15:01  Archon x2  
  183  15:02  Protoss Shields Level 1 (Chrono Boost)  
  183  15:05  Warp Prism (Chrono Boost)  
  183  15:08  Pylon  
  183  15:13  Probe  
  184  15:15  Assimilator  
  184  15:16  Photon Cannon  
  184  15:18  Assimilator  
  184  15:19  Pylon  
  184  15:35  Observer  
  167  15:46  Zealot x8  
  167  15:49  Observer (Chrono Boost)  
  183  15:57  Probe  
  183  16:01  Gateway x2  
  175  16:05  Observer (Chrono Boost)  
  175  16:06  High Templar x2  
  175  16:07  Zealot, High Templar x4  
  175  16:08  Zealot  
  192  16:11  Archon x2, Gateway  
  192  16:12  Archon  
  192  16:13  Gateway  
  192  16:15  Gateway  
  192  16:21  Nexus  
  192  16:22  Observer  
  193  16:27  Pylon  
  193  16:38  Observer  
  187  16:45  Observer  
  171  16:47  Zealot x8  
  186  16:56  Stalker x2  
  167  17:20  Zealot x13  
Show
View Real Time Build Order
Export as new Build Order

Nice Protoss 

Build Orders:  

Get SALT Encoding   

  12  0:00  Probe  
  13  0:12  Probe  
  14  0:19  Pylon  
  14  0:24  Probe  
  15  0:37  Probe (Chrono Boost)  
  15  0:38  Gateway  
  16  0:48  Probe (Chrono Boost), Assimilator  
  17  0:53  Probe (Chrono Boost)  
  18  1:03  Probe  
  19  1:12  Pylon  
  19  1:15  Probe  
  20  1:27  Cybernetics Core  
  20  1:29  Probe  
  21  1:43  Probe  
  21  1:44  Zealot (Chrono Boost)  
  21  1:46  Assimilator  
  24  1:55  Probe  
  25  2:01  Warp Gate (Chrono Boost)  
  25  2:06  Stalker (Chrono Boost)  
  25  2:07  Probe  
  28  2:16  Pylon  
  28  2:22  Nexus  
  28  2:31  Stalker  
  30  2:45  Gateway  
  30  2:46  Gateway  
  30  2:54  Gateway  
  29  3:01  Stalker  
  29  3:05  Pylon  
  31  3:12  Pylon  
  31  3:22  Shield Battery  
  31  3:23  Pylon  
  31  3:42  Stalker x3  
  37  3:48  Stalker  
  38  4:08  Stalker x3  
  40  4:17  Stalker  
  38  4:34  Stalker  
  38  4:35  Stalker  
  42  4:40  Stalker  
  42  4:43  Sentry  
  46  5:11  Sentry, Stalker  
  46  5:12  Stalker  
  50  5:15  Probe  
  41  5:35  Robotics Facility  
  35  5:46  Probe  
  35  5:49  Sentry  
  34  5:50  Shield Battery  
  30  5:57  Nexus  
  29  6:10  Adept  
  29  6:11  Adept  
  32  6:14  Probe (Chrono Boost)  
  33  6:24  Probe (Chrono Boost)  
  32  6:29  Probe (Chrono Boost)  
  33  6:34  Adept x2  
  33  6:39  Observer  
  36  6:41  Probe  
  36  6:46  Twilight Council  
  37  6:54  Probe (Chrono Boost)  
  37  6:56  Stalker  
  40  7:06  Probe (Chrono Boost)  
  41  7:12  Probe x2 (Chrono Boost)  
  41  7:23  Warp Prism (Chrono Boost)  
  41  7:24  Dark Shrine  
  43  7:30  Probe (Chrono Boost)  
  43  7:32  Probe (Chrono Boost)  
  43  7:34  Blink (Chrono Boost)  
  43  7:35  Probe (Chrono Boost)  
  43  7:37  Observer  
  43  7:41  Probe  
  45  7:46  Probe  
  46  7:52  Pylon  
  46  7:53  Probe  
  47  7:58  Immortal (Chrono Boost)  
  52  8:08  Assimilator  
  52  8:09  Assimilator  
  52  8:10  Forge  
  52  8:12  Probe  
  52  8:17  Probe  
  53  8:23  Pylon  
  53  8:24  Probe  
  55  8:36  Dark Templar  
  55  8:39  Probe  
  55  8:40  Dark Templar  
  58  8:48  Protoss Ground Weapons Level 1 (Chrono Boost)  
  58  8:53  Pylon  
  58  9:09  Probe  
  59  9:10  Nexus  
  59  9:13  Pylon  
  59  9:18  Probe  
  59  9:21  Dark Templar, Probe  
  61  9:25  Immortal (Chrono Boost)  
  61  9:30  Probe  
  66  9:33  Probe  
  66  9:38  Stalker x2  
  69  9:39  Stalker  
  69  9:44  Shield Battery  
  69  9:48  Shield Battery  
  69  9:53  Photon Cannon  
  69  9:56  Observer (Chrono Boost)  
  69  9:59  Dark Templar  
  72  10:06  Sentry, Stalker  
  76  10:07  Archon  
  76  10:10  Stalker  
  78  10:14  Probe x2  
  80  10:24  Probe  
  80  10:26  Probe x2  
  80  10:27  Photon Cannon  
  83  10:37  Charge  
  83  10:39  Templar Archives, Probe  
  83  10:41  Probe  
  83  10:42  Probe  
  86  10:48  Gateway  
  86  10:49  Protoss Ground Weapons Level 2 (Chrono Boost)  
  86  10:51  Gateway  
  86  10:55  Observer  
  86  10:56  Gateway  
  87  11:05  Gateway  
  87  11:13  Zealot x3  
  87  11:14  Zealot  
  95  11:20  Warp Prism  
  95  11:23  Assimilator  
  97  11:27  Photon Cannon  
  97  11:34  High Templar x2  
  97  11:37  Pylon  
  97  11:38  Archon, Pylon  
  101  11:45  Pylon  
  101  11:54  Zealot  
  101  11:55  Zealot x3  
  101  11:58  High Templar  
  101  11:59  High Templar  
  113  12:04  Archon, Pylon  
  113  12:08  Nexus  
  113  12:13  Photon Cannon  
  113  12:15  Shield Battery  
  113  12:23  Probe x3  
  113  12:26  Observer  
  116  12:31  High Templar x2  
  116  12:32  Zealot x3  
  116  12:33  Zealot, Observer  
  116  12:34  Observer  
  116  12:35  Probe  
  116  12:36  Archon  
  116  12:37  Zealot  
  132  12:38  Photon Cannon  
  132  12:51  Photon Cannon  
  132  12:52  Pylon  
  132  12:58  Zealot x3  
  133  12:59  Zealot, Protoss Ground Weapons Level 3  
  132  13:13  Photon Cannon  
  132  13:15  Immortal (Chrono Boost)  
  132  13:16  Stargate  
  132  13:19  Stargate  
  136  13:23  Probe x3  
  136  13:25  Probe  
  140  13:32  Photon Cannon  
  140  13:38  High Templar x2  
  140  13:39  Zealot x3  
  150  13:43  Archon  
  150  13:46  Immortal (Chrono Boost)  
  146  13:54  Probe  
  146  13:55  Probe x3  
  146  14:10  Phoenix x2 (Chrono Boost)  
  146  14:11  Observer  
  148  14:19  Zealot x3  
  148  14:23  Shield Battery  
  155  14:26  Pylon  
  155  14:28  Pylon  
  155  14:30  Pylon  
  155  14:35  Phoenix x2 (Chrono Boost)  
  155  14:44  Immortal  
  155  14:45  Zealot x2  
  163  14:47  Assimilator  
  163  14:50  High Templar x2, Assimilator  
  163  14:51  Zealot x4  
  175  14:55  Archon  
  175  14:58  Probe x2, Assimilator  
  175  14:59  Probe  
  178  15:03  Phoenix (Chrono Boost)  
  180  15:11  Phoenix (Chrono Boost)  
  180  15:12  Pylon  
  180  15:19  Pylon  
  180  15:20  Pylon  
  180  15:22  Pylon  
  180  15:28  Phoenix (Chrono Boost), Probe  
  146  15:45  Phoenix (Chrono Boost)  
  148  15:51  Phoenix (Chrono Boost)  
  148  15:53  Zealot x4, High Templar x2  
  148  15:54  Zealot x2  
  166  15:58  Archon  
  166  16:02  Phoenix (Chrono Boost)  
  154  16:08  Phoenix (Chrono Boost)  
  154  16:19  Photon Cannon  
  154  16:20  Shield Battery  
  154  16:21  Phoenix (Chrono Boost), Zealot x6  
  168  16:26  Phoenix (Chrono Boost)  
  170  16:33  Stargate  
  158  16:46  Phoenix (Chrono Boost)  
  126  16:48  Phoenix (Chrono Boost), Zealot x4  
  136  16:56  Zealot x3  
  127  17:12  Zealot x5  
  125  17:18  Zealot x2  
  125  17:19  Zealot  
Tags
 
Add a new tag
Caveats
  • Supply blocks, unpowered buildings, or Contaminate may cause inaccurate times.
  • Supply counts are checked every 10 seconds.